 Dungeon Crawl Stone Soup version 0.18-a0-337-g1235303 (webtiles) character file.

1 OOFcanmelsteelbeams the Sneak (level 1, -1/13 HPs)
             Began as a Vampire Enchanter on Nov 28, 2015.
             Slain by a hobgoblin (5 damage)
             ... on level 1 of the Dungeon.
             The game lasted 00:00:26 (70 turns).

OOFcanmelsteelbeams the Sneak (Vampire Enchanter)     Turns: 70, Time: 00:00:26

Health: -1/13      AC:  3    Str:  7    XL:     1   Next: 16%
Magic:  3/3        EV: 12    Int: 17    God:
Gold:   0          SH:  0    Dex: 14    Spells: 1 memorised, 3 levels left

rFire  . . .     SeeInvis +     a - +1 dagger
rCold  . . .     Clarity  .     b - +1 robe
rNeg   + . .     SustAt   .     (no shield)
rPois  .         Gourm    .     (no helmet)
rElec  .         Spirit   .     (no cloak)
rCorr  .         Warding  .     (no gloves)
rMut   .         Stasis   .     (no boots)
MR     .....                    (no amulet)
Stlth  +++.......               (no ring)
                                (no ring)

@: not resistant to hostile enchantments, fairly stealthy
A: fangs 3, see invisible, unbreathing
a: no special abilities


You were on level 1 of the Dungeon.
You were not thirsty.

You visited 1 branch of the dungeon, and saw 1 of its levels.


Innate Abilities, Weirdness & Mutations

You have razor-sharp teeth.
You have supernaturally acute eyesight.
You can survive without breathing.


   Skills:
 + Level 1.2 Short Blades
 - Level 2.1 Dodging
 + Level 4.5 Stealth
 - Level 2.0 Spellcasting
 - Level 4.4 Hexes


You had 3 spell levels left.
You knew the following spells:

 Your Spells              Type           Power        Failure   Level  Hunger
Z - Corona                Hex            ###....      3%          1    #......

Inventory:

Hand Weapons
 a - a +1 dagger (weapon)
Armour
 b - a +1 robe (worn)
Potions
 d - a potion of blood {@q4}
Books
 c - a book of Maledictions

   Spells                             Type                      Level
   a - Corona                         Hexes                        1
   b - Ensorcelled Hibernation        Hexes/Ice                    2
   c - Confuse                        Hexes                        3
   d - Tukima's Dance                 Hexes                        3
   e - Dazzling Spray                 Conjuration/Hexes            3

Dungeon Overview and Level Annotations

Branches:
Dungeon (1/15)

Altars:
.... .....K....▒▒▒▒▒▒▒▒▒▒▒▒ .♣.♣.PPPPPPPPPPPPPPPPP▒ .....PPPPPP..<..PPPPPP▒ .♣.♣.PPPP..PPPPP..PPPP▒ .....PPP.PPP...PPP.PPP▒

▒▒▒▒▒♣.♣...PPP.PP.PPP.PP.PPP▒
......£....PP.PP.PP.PP.PP.PP▒
..g........PPVP.PP.P.PP.P.PP▒
...........PPgP.P.PPP.P.P.PP▒
.......▒▒▒.PP.P.PP.P.PP.P.PP▒
..........>PP.PP.PP.PP.PP.PP▒
.......▒▒▒▒PPP.PP.PPP.PP.PPP▒
........)..PPP.PPP...PPP.PPP▒
▒....▒▒▒▒▒.PPPP.[PPPPP..PPPP▒
▒.▒


▒.PPPPPP.....PPPPPP▒ ▒.PPPPPPPP.PPPPPPPP▒ You could see a hobgoblin and a
kobold.


Message History

The hobgoblin is severely wounded.
The hobgoblin barely misses you.
You barely miss the hobgoblin.
The hobgoblin is severely wounded.
The hobgoblin hits you with a club.
You hit the hobgoblin but do no damage.
The hobgoblin is severely wounded.
The hobgoblin completely misses you.
You hit the hobgoblin.
The hobgoblin is severely wounded.
The hobgoblin hits you with a club.
* * * LOW HITPOINT WARNING * * *
You barely miss the hobgoblin.
The hobgoblin is severely wounded.
You hit the hobgoblin.
You kill the hobgoblin!
You closely miss the hobgoblin. The hobgoblin barely misses you.
You closely miss the hobgoblin.
You bite the hobgoblin, but do no damage.
The hobgoblin hits you but does no damage.
You hit the hobgoblin but do no damage. The hobgoblin hits you.
* * * LOW HITPOINT WARNING * * *
You barely miss the hobgoblin. The hobgoblin hits you.
* * * LOW HITPOINT WARNING * * *
You are too injured to fight recklessly!
You are too injured to fight recklessly!
You see here a leather armour.
The kobold shouts!
You hit the hobgoblin but do no damage. The hobgoblin hits you.
You die...

Action                   || total
-------------------------++-------
Melee: Dagger            ||    14
 Cast: Corona            ||     1

Vault maps used:
D:1:      roderic_crop_circles_arrival_small, serial_forest,
          infiniplex_forest_lined_room_2, infiniplex_forest_clump_small,
          infiniplex_forest_clump_medium, infiniplex_forest_split,
          infiniplex_forest_straight_3, infiniplex_forest_straight_3,
          infiniplex_forest_lined_4_way

Notes
Turn   | Place    | Note
--------------------------------------------------------------
     0 | D:1      | OOFcanmelsteelbeams the Vampire Enchanter began the quest for the Orb.
     0 | D:1      | Reached XP level 1. HP: 13/13 MP: 3/3
    70 | D:1      | Slain by a hobgoblin

Vanquished Creatures
  A hobgoblin (D:1)
1 creature vanquished.
